Map: Ancient Cistern LE

Players

IIIIIIIIIII - Winner!

  • Race: Protoss Protoss
  • Spawn Location: 7:00

Thenoob

  • Race: Zerg Zerg
  • Spawn Location: 1:00

VOD

Have the link to the VOD?

Description

Time

  • Played on: Feb. 17, 2023, 10:06 p.m.
  • Length: 14:55
Show
View Real Time Build Order
Export as new Build Order

IIIIIIIIIII Protoss - Winner!

Build Orders: 1 Gate Expand, Carriers, Carrier Rush 

Get SALT Encoding   

  12  0:00  Probe  
  13  0:12  Probe  
  14  0:20  Pylon  
  14  0:24  Probe  
  15  0:38  Probe (Chrono Boost)  
  15  0:41  Gateway  
  16  0:49  Assimilator  
  17  0:50  Probe (Chrono Boost)  
  17  0:55  Probe (Chrono Boost)  
  18  1:05  Probe  
  19  1:17  Probe  
  20  1:31  Cybernetics Core  
  20  1:40  Nexus  
  20  1:43  Assimilator  
  20  1:49  Pylon  
  20  1:51  Probe  
  21  2:03  Probe  
  21  2:04  Adept (Chrono Boost)  
  25  2:15  Probe  
  25  2:21  Stargate  
  25  2:27  Probe, Adept  
  23  2:37  Warp Gate  
  28  2:39  Probe  
  29  2:52  Probe x2 (Chrono Boost)  
  31  3:01  Probe x2 (Chrono Boost)  
  37  3:06  Probe x2 (Chrono Boost)  
  37  3:08  Void Ray (Chrono Boost)  
  39  3:18  Probe  
  39  3:19  Probe  
  41  3:20  Gateway  
  41  3:26  Assimilator  
  41  3:29  Assimilator  
  41  3:30  Probe  
  41  3:32  Pylon  
  42  3:39  Probe  
  43  3:43  Probe  
  43  3:46  Pylon  
  44  3:51  Probe  
  44  3:55  Probe  
  46  4:04  Probe  
  46  4:05  Stargate  
  46  4:06  Fleet Beacon  
  46  4:09  Probe  
  48  4:16  Probe  
  49  4:21  Probe  
  50  4:27  Pylon  
  50  4:28  Probe  
  51  4:31  Protoss Air Weapons Level 1  
  51  4:33  Probe  
  52  4:40  Probe  
  53  4:48  Carrier (Chrono Boost)  
  59  4:55  Carrier (Chrono Boost)  
  65  5:01  Pylon  
  65  5:05  Zealot x2  
  69  5:22  Nexus  
  69  5:23  Pylon  
  69  5:32  Probe x2  
  75  5:43  Void Ray (Chrono Boost)  
  75  5:44  Probe  
  75  5:48  Void Ray  
  80  5:52  Twilight Council  
  80  5:53  Probe  
  80  5:55  Forge  
  80  5:57  Probe  
  82  6:01  Shield Battery  
  82  6:05  Probe  
  82  6:09  Probe  
  84  6:12  Gateway  
  84  6:15  Gateway  
  84  6:17  Probe  
  85  6:35  Probe x2  
  85  6:36  Probe  
  85  6:37  Charge, Protoss Ground Weapons Level 1  
  88  6:46  Templar Archives  
  88  6:47  Probe  
  88  6:48  Probe  
  88  6:51  Probe  
  88  6:52  Assimilator, Pylon  
  91  7:00  Probe x2  
  93  7:08  Psionic Storm  
  93  7:10  Carrier x2  
  93  7:13  Probe x2  
  107  7:18  Probe, Assimilator  
  108  7:25  Probe  
  108  7:26  Probe  
  107  7:32  Gateway  
  107  7:34  Gateway  
  107  7:35  Gateway  
  107  7:43  Probe  
  108  7:48  Shield Battery  
  108  7:49  Pylon x2  
  108  7:51  Pylon  
  108  7:53  Gateway  
  108  7:56  Shield Battery  
  108  7:58  Pylon  
  108  8:08  Pylon x2, High Templar x4  
  116  8:18  Photon Cannon  
  116  8:29  Nexus  
  116  8:31  Pylon  
  116  8:34  Probe  
  116  8:35  Probe x2  
  118  8:46  Probe  
  119  8:48  Protoss Ground Weapons Level 2 (Chrono Boost)  
  119  8:58  Protoss Air Weapons Level 2 (Chrono Boost)  
  119  9:05  Shield Battery, Photon Cannon  
  119  9:06  Shield Battery  
  119  9:07  Photon Cannon  
  119  9:08  High Templar x3  
  119  9:09  Photon Cannon  
  125  9:10  High Templar, Photon Cannon  
  125  9:12  Archon  
  125  9:14  Pylon, Archon  
  125  9:16  Probe x2, Shield Battery  
  129  9:19  Probe  
  130  9:25  Carrier  
  136  9:36  Carrier  
  142  9:40  Pylon  
  142  9:42  Pylon  
  142  9:43  Probe, Pylon  
  142  9:44  Probe  
  144  9:46  Probe x2  
  144  9:49  Assimilator  
  146  9:54  Assimilator  
  146  9:55  Probe  
  146  9:57  High Templar x2  
  151  10:02  Archon  
  151  10:07  Probe  
  151  10:08  Probe  
  153  10:20  Pylon  
  153  10:21  Pylon  
  153  10:23  Robotics Facility  
  152  10:34  Nexus, High Templar x2  
  156  10:36  High Templar x2  
  156  10:41  Blink (Chrono Boost)  
  156  10:42  Photon Cannon, Archon  
  160  10:50  Protoss Ground Weapons Level 3 (Chrono Boost)  
  160  10:53  Photon Cannon  
  160  10:56  Protoss Air Weapons Level 3, Shield Battery  
  160  10:57  Photon Cannon x2  
  160  10:59  Shield Battery, Photon Cannon  
  160  11:01  Photon Cannon  
  160  11:03  Shield Battery  
  160  11:05  Shield Battery, Zealot x4  
  160  11:10  Observer  
  169  11:20  Stargate  
  169  11:28  Pylon  
  169  11:32  Observer  
  170  11:37  Gateway  
  170  11:38  Gateway  
  170  11:39  High Templar x2  
  174  11:40  Gateway  
  174  11:42  High Templar x2  
  174  11:43  Gateway, Archon  
  174  11:45  Gateway  
  174  11:46  Gateway, Archon  
  178  11:50  Zealot x4  
  186  12:13  Zealot x2  
  186  12:14  Zealot x4  
  198  12:18  Nexus  
  198  12:20  Pylon  
  198  12:22  Pylon  
  156  12:34  Archon  
  156  12:35  Archon  
  156  12:36  Zealot x11  
  156  12:37  Archon  
  166  12:48  Carrier x2 (Chrono Boost)  
  178  12:57  Carrier (Chrono Boost)  
  182  13:04  Stalker x4  
  186  13:15  Stalker x4  
  188  13:23  Stalker x3  
  154  13:42  High Templar x8  
  154  13:47  Archon  
  154  13:48  Archon x2  
  170  13:49  Archon  
  162  13:56  Zealot x4  
  162  13:57  Zealot x2  
  186  14:12  Shield Battery  
  186  14:14  Photon Cannon  
  186  14:16  Photon Cannon  
  186  14:18  Shield Battery  
  186  14:20  Assimilator  
  186  14:31  Stalker x6  
  198  14:39  Zealot  
  200  14:49  Stalker x4  
Show
View Real Time Build Order
Export as new Build Order

Thenoob Zerg 

Build Orders: Hatch First 

Get SALT Encoding   

  12  0:00  Drone  
  13  0:08  Drone  
  14  0:17  Overlord  
  14  0:22  Extractor  
  14  0:23  Drone  
  15  0:35  Drone x2  
  17  0:53  Hatchery  
  17  0:56  Drone  
  17  0:59  Drone  
  18  1:15  Spawning Pool  
  18  1:17  Drone  
  18  1:19  Drone  
  19  1:32  Extractor  
  18  1:35  Drone  
  18  1:37  Drone  
  20  1:48  Hatchery  
  19  1:55  Drone  
  20  2:04  Drone, Queen  
  20  2:07  Drone  
  24  2:12  Drone  
  25  2:18  Drone  
  25  2:22  Overlord  
  26  2:29  Zergling x2  
  27  2:32  Zergling x2  
  28  2:39  Queen  
  28  2:41  Metabolic Boost  
  30  2:47  Queen  
  32  2:53  Zergling x2  
  32  2:54  Zergling x2  
  32  2:56  Overlord  
  34  2:58  Drone  
  34  3:03  Drone x2  
  37  3:05  Drone  
  37  3:11  Drone x2  
  40  3:14  Drone  
  40  3:15  Drone  
  42  3:21  Drone x2  
  42  3:23  Drone x2  
  42  3:26  Drone  
  47  3:34  Overlord x2  
  47  3:36  Drone  
  48  3:43  Spore Crawler  
  48  3:45  Spore Crawler  
  48  3:47  Roach Warren  
  45  3:54  Overlord x2  
  45  3:55  Zergling x2  
  45  3:56  Zergling x2  
  45  3:58  Drone x2  
  49  4:03  Drone x2  
  49  4:04  Drone  
  52  4:11  Lair  
  52  4:13  Queen  
  54  4:19  Drone x4  
  54  4:21  Drone  
  54  4:23  Drone  
  60  4:25  Drone  
  60  4:26  Drone  
  60  4:28  Drone x2  
  64  4:35  Drone  
  64  4:36  Drone x5  
  70  4:40  Extractor  
  70  4:42  Spore Crawler  
  70  4:44  Extractor  
  66  4:49  Overlord x2  
  66  4:53  Drone  
  67  5:11  Hatchery  
  66  5:17  Drone  
  67  5:22  Hydralisk Den  
  67  5:23  Extractor, Drone x3  
  67  5:24  Extractor, Drone x3  
  67  5:27  Drone x4, Extractor  
  73  5:30  Roach  
  73  5:31  Roach x4  
  73  5:32  Overlord  
  83  5:36  Overseer  
  83  5:40  Overlord x2  
  83  5:41  Zergling x4  
  83  5:42  Zergling x2  
  86  5:50  Overseer  
  86  5:52  Hydralisk  
  86  5:53  Hydralisk  
  90  5:58  Drone  
  90  6:01  Hatchery  
  90  6:04  Grooved Spines, Hydralisk x2  
  94  6:13  Drone x4  
  94  6:16  Drone x3  
  94  6:18  Overlord x2, Evolution Chamber  
  100  6:19  Evolution Chamber  
  100  6:20  Hydralisk x3  
  105  6:32  Hydralisk x3  
  99  6:33  Hydralisk  
  101  6:41  Hydralisk x2  
  104  6:47  Hydralisk x2  
  92  7:03  Hydralisk x4  
  92  7:04  Hydralisk  
  93  7:12  Hydralisk x3  
  97  7:21  Drone  
  97  7:22  Drone  
  99  7:23  Drone x3  
  84  7:45  Hydralisk x5  
  84  7:48  Drone x4, Queen  
  84  7:50  Drone  
  101  7:52  Drone  
  101  7:53  Drone  
  101  7:57  Drone  
  101  7:58  Drone x2  
  106  8:00  Drone  
  107  8:13  Drone x3  
  107  8:15  Drone x3  
  107  8:16  Overlord x2  
  113  8:23  Zerg Ground Armor Level 1, Infestation Pit, Zerg Missile Weapons Level 1  
  113  8:26  Muscular Augments  
  112  8:36  Extractor  
  111  8:44  Drone  
  111  8:45  Drone x13  
  124  8:56  Spire  
  124  9:00  Queen  
  124  9:01  Queen  
  127  9:03  Queen  
  127  9:05  Queen  
  127  9:08  Drone  
  127  9:09  Extractor  
  131  9:19  Extractor, Hatchery  
  131  9:20  Extractor  
  128  9:24  Drone  
  128  9:27  Spore Crawler  
  128  9:36  Overlord x2  
  128  9:37  Overlord x2  
  128  9:42  Hive  
  128  9:49  Drone  
  128  9:50  Drone x13  
  142  10:03  Overlord  
  142  10:04  Overlord  
  142  10:08  Corruptor x5  
  142  10:09  Corruptor x5  
  142  10:11  Corruptor  
  164  10:24  Zerg Missile Weapons Level 2, Zerg Ground Armor Level 2  
  164  10:27  Corruptor  
  166  10:31  Zerg Flyer Weapons Level 1, Corruptor  
  166  10:32  Evolution Chamber  
  166  10:33  Evolution Chamber  
  166  10:34  Evolution Chamber  
  166  10:35  Evolution Chamber  
  164  10:36  Corruptor x2  
  164  10:40  Corruptor  
  170  10:43  Corruptor  
  172  10:50  Spore Crawler  
  172  10:53  Viper x4  
  183  10:58  Corruptor x2  
  187  11:06  Roach x6  
  200  11:11  Drone  
  200  11:12  Overseer  
  200  11:13  Overseer  
  200  11:16  Pneumatized Carapace  
  200  11:17  Burrow  
  200  11:19  Overseer  
  200  11:21  Overseer  
  200  11:38  Overlord x2  
  200  11:42  Spore Crawler  
  200  11:43  Spore Crawler  
  200  11:44  Drone  
  200  11:45  Spire  
  198  12:11  Hatchery  
  179  12:28  Roach  
  179  12:29  Roach x12  
  135  12:41  Roach  
  135  12:42  Roach x9  
  125  12:44  Hydralisk  
  125  12:45  Hydralisk x16  
  147  12:57  Hydralisk x3  
  147  12:58  Hydralisk x3  
  155  13:04  Roach x7  
  155  13:05  Roach x2  
  165  13:08  Glial Reconstitution  
  149  13:24  Roach x10  
  139  13:33  Roach  
  139  13:34  Roach x6  
  132  13:37  Queen  
  127  13:57  Drone  
  127  13:58  Drone x5  
  127  13:59  Drone x2  
  127  14:00  Drone  
  135  14:08  Hydralisk  
  135  14:09  Hydralisk x2  
  141  14:18  Lurker Den  
  140  14:28  Hydralisk x6  
Tags
 
Add a new tag
Caveats
  • Supply blocks, unpowered buildings, or Contaminate may cause inaccurate times.
  • Supply counts are checked every 10 seconds.